 Dungeon Crawl Stone Soup version 0.20.1-1-g8b1a95d66d (webtiles) character file.

438 Gargoyl the Skirmisher (level 6, -7/53 HPs)
             Began as a Centaur Abyssal Knight on Dec 27, 2017.
             Was a Priest of Lugonu.
             Mangled by an ogre
             ... wielding a +0 giant spiked club
              (8 damage)
             ... on level 4 of the Dungeon.
             The game lasted 00:05:48 (2931 turns).

Gargoyl the Skirmisher (Centaur Abyssal Knight)     Turns: 2931, Time: 00:05:48

Health: -7/53      AC: 17    Str: 18    XL:     6   Next: 69%
Magic:  8/8        EV:  3    Int: 13    God:    Lugonu [***...]
Gold:   179        SH:  0    Dex: 11    Spells: 5/5 levels left

rFire    . . .     SeeInvis .   a - +2 hand axe
rCold    . . .     Gourm    .   (no shield)
rNeg     + . .     Faith    .   f - +7 plate armour of Vexation {Str+4 Int+2}
rPois    .         Spirit   .   (no helmet)
rElec    .         Reflect  .   (no cloak)
rCorr    .         Harm     .   d - +0 pair of gloves
MR       .....                  (no barding)
Stlth    ..........             j - amulet of regeneration
Regen    0.6/turn               t - ring of positive energy
MPRegen  0.2/turn               (no ring)

@: very quick
A: hooves 3, deformed body, speed 2, tough skin 3
a: Depart the Abyss, Bend Space, Banish, Renounce Religion


You were on level 4 of the Dungeon.
You worshipped Lugonu.
Lugonu was most pleased with you.
You were hungry.

You visited 1 branch of the dungeon, and saw 4 of its levels.
You visited the Abyss 1 time.

You collected 179 gold pieces.

Inventory:

Hand Weapons
 a - a +2 hand axe (weapon)
Missiles
 w - a tomahawk (quivered)
Armour
 d - a +0 pair of gloves (worn)
 f - the +7 plate armour of Vexation (worn) {Str+4 Int+2}
   (You found it on level 2 of the Abyss)

   It affects your strength (+4).
   It affects your intelligence (+2).
Jewellery
 b - a +3 amulet of reflection
 j - an amulet of regeneration (around neck)
 t - a ring of positive energy (left hand)
Wands
 o - a wand of iceblast (10/15)
 y - a wand of clouds (4/9)
 z - a wand of acid (10/15)
Scrolls
 g - 3 scrolls of enchant weapon
 k - 3 scrolls of remove curse
 l - a scroll of identify
 n - 2 scrolls of fog
 q - 2 scrolls of amnesia
 r - a scroll of fear {unknown}
 v - a scroll of magic mapping {unknown}
Potions
 e - 2 potions of cancellation
 h - 3 potions of lignification
 i - a potion of brilliance
 m - 3 potions of invisibility
 u - a potion of flight {unknown}
 x - a potion of curing {unknown}
Comestibles
 c - 5 bread rations
 p - 7 fruits
 s - 2 meat rations


   Skills:
 + Level 4.4 Fighting
 + Level 4.0 Axes
 * Level 2.9 Armour
 + Level 0.6 Dodging
 * Level 3.8 Invocations


You had 5 spell levels left.
You didn't know any spells.

Dungeon Overview and Level Annotations

Branches:
Dungeon (4/15)             Temple (0/1) D:4

Altars:


Innate Abilities, Weirdness & Mutations

You have hooves in place of feet.
Armour fits poorly on your strangely shaped body.
You cover ground very quickly.
You have extremely tough skin. (AC +3)


Message History

The ogre is lightly wounded.
Throwing (i - inventory):
w - 2 tomahawks (quivered)
Press: ? - help, Shift-Dir - straight line, f/p - ogre
Aim: an ogre, wielding a giant spiked club (lightly wounded)
You throw a tomahawk. The tomahawk barely misses the ogre.
The ogre hits you with a giant spiked club!!
You hit the ogre.
The ogre is heavily wounded.
You hit the ogre. You kick the ogre!
The ogre is almost dead.
The ogre hits you with a giant spiked club!
Your plate armour of Vexation prevents you from hitting the ogre.
Your kick misses the ogre.
The ogre is almost dead.
The ogre hits you with a giant spiked club!!
* * * LOW HITPOINT WARNING * * *
Your plate armour of Vexation prevents you from hitting the ogre.
The ogre is almost dead.
The ogre hits you with a giant spiked club!
You die...

...†..#.......#....#
...#..'.....>.#....#
...#+###..#####....#
...#..##..###....###
...#........#....#
...#....<...#..(.#
...#........#....+
...#####...##....###+###
##...>##.(.#####@O.((.(#
#....#.....# #......(.
#....#.....# #........
+....#.....# #........
#....####### ########.
####.......# # #.......#
#..#.......+
#..#.......########


You could see an ogre.

Vanquished Creatures
  Sigmund (D:2)
  2 orc wizards (D:4)
  Ijyb (D:4)
  7 adders
  4 gnolls (D:2)
  2 oozes (D:3)
  4 dart slugs
  5 orcs
  8 bats
  A giant cockroach (D:1)
  10 goblins
  8 hobgoblins
  7 jackals
  7 kobolds
  4 quokkas
  2 ball pythons
  3 frilled lizards (D:1)
  A quokka skeleton (D:4)
  10 rats
87 creatures vanquished.

Notes
Turn   | Place    | Note
-------+----------+-------------------------------------------
     0 | Abyss:1  | Gargoyl the Centaur Abyssal Knight began the quest for the Orb.
     0 | Abyss:1  | Reached XP level 1. HP: 19/19 MP: 2/2
    45 | Abyss:2  | Noticed a death drake
    46 | Abyss:2  | Noticed a starcursed mass
    65 | Abyss:2  | Got a pitted plate armour
    66 | D:1      | Escaped the Abyss
    77 | D:1      | Identified the +7 plate armour of Vexation {Str+4 Int+2} (You found it on level 2 of the Abyss)
   212 | D:1      | Reached XP level 2. HP: 26/26 MP: 3/3
   314 | D:1      | Reached * piety under Lugonu
   725 | D:2      | Reached XP level 3. HP: 31/31 MP: 4/4
   975 | D:2      | Noticed Sigmund
   975 | D:2      | Reached XP level 4. HP: 40/40 MP: 6/6
   984 | D:2      | Killed Sigmund
   984 | D:2      | Reached XP level 5. HP: 37/46 MP: 7/7
  1701 | D:3      | Reached XP level 6. HP: 52/52 MP: 8/8
  1808 | D:3      | Reached ** piety under Lugonu
  2469 | D:4      | Noticed Ijyb
  2493 | D:4      | Killed Ijyb
  2777 | D:4      | Reached *** piety under Lugonu
  2823 | D:4      | Found a staircase to the Ecumenical Temple.
  2930 | D:4      | HP: 1/53 [ogre/giant spiked club (26)]
  2931 | D:4      | Mangled by an ogre

Skill      XL: |  1  2  3  4  5  6 |
---------------+-------------------+-----
Axes           | 2 3 4 |  4.0
Fighting       | 4 |  4.4
Armour         | 2 |  2.9
Invocations    | 3 |  3.8
Dodging        | |  0.6

Action                   |  1- 3 |  4- 6 || total
-------------------------+-------+-------++-------
Melee: Hand axe          |    64 |   154 ||   218
       Kick              |     9 |    35 ||    44
Throw: Tomahawk          |       |     4 ||     4
Invok: Depart the Abyss  |     1 |       ||     1
  Use: Scroll            |     1 |    11 ||    12
       Potion            |     1 |       ||     1
  Eat: Chunk             |       |     4 ||     4
Armor: Plate armour      |    58 |   154 ||   212
Dodge: Dodged            |    11 |    31 ||    42
